 Dungeon Crawl Stone Soup version 0.25.1-8-g42b30a86e7 (webtiles) character file.

Game seed: 10708896794677389489

60 Gabide the Skirmisher (level 4, -1/40 HPs)
             Began as a Ghoul Abyssal Knight on Dec 4, 2020.
             Was a Follower of Lugonu.
             Slain by a goblin
             ... wielding a +0 dagger
             ... led by Robin
              (5 damage)
             ... on level 2 of the Dungeon.
             The game lasted 00:05:09 (2292 turns).

Gabide the Skirmisher (Ghoul Abyssal Knight)        Turns: 2292, Time: 00:05:10

Health: -1/40      AC:  3    Str: 16    XL:     4   Next: 6%
Magic:  4/4        EV: 11    Int:  7    God:    Lugonu [*.....]
Gold:   50         SH:  0    Dex:  8    Spells: 3/3 levels left

rFire    . . .     SeeInvis .     - Unarmed
rCold    + . .     Gourm    .   (no shield)
rNeg     + + +     Faith    .   a - +0 leather armour
rPois    ∞         Spirit   .   (no helmet)
rElec    .         Reflect  .   (no cloak)
rCorr    .         Harm     .   (no gloves)
MR       .....                  (no boots)
Stlth    +.........             (no amulet)
HPRegen  0.00/turn              (no ring)
MPRegen  0.09/turn              (no ring)

@: rotting
A: rotting body, claws 1, carnivore, cold resistance 1, negative energy
resistance 3, inhibited regeneration, torment resistance, unbreathing
a: Depart the Abyss, Renounce Religion


You were on level 2 of the Dungeon.
You worshipped Lugonu.
Lugonu was aware of your devotion.
You were not hungry.

You visited 1 branch of the dungeon, and saw 2 of its levels.
You visited the Abyss 1 time.

You collected 50 gold pieces.

Inventory:

Missiles
 d - 62 stones (quivered)
 f - 11 poisoned darts
Armour
 a - a +0 leather armour (worn)
Jewellery
 c - an uncursed ring of protection from fire {unknown}
Potions
 g - a potion of flight
 h - a potion of ambrosia {unknown}
 i - a potion of curing {unknown}
Comestibles
 b - 3 rations


   Skills:
 + Level 3.9 Fighting
 + Level 1.0 Throwing
 + Level 2.1 Armour
 + Level 1.1 Dodging
 * Level 3.3 Unarmed Combat
 + Level 2.0 Invocations


You had 3 spell levels left.
You didn't know any spells.
Your spell library was empty.

Dungeon Overview and Level Annotations

Branches:
Dungeon (2/15)

Altars:

Annotations:
D:2 Robin


Innate Abilities, Weirdness & Mutations

Your body is rotting away.
You thrive on raw meat.
You are immune to poison.
You have sharp fingernails.
You are carnivorous and can eat meat at any time.
Your flesh is cold resistant. (rC+)
You are immune to negative energy. (rN+++)
You do not regenerate when monsters are visible.
You are immune to unholy pain and torment.
You can survive without breathing.


Message History

Robin hits you with a +4 whip of venom.
* * * LOW HITPOINT WARNING * * *
Things that are here:
a +0 dagger; a goblin corpse You completely miss Robin.
Robin is moderately wounded.
The goblin barely misses you. The hobgoblin hits you with a +0 club.
* * * LOW HITPOINT WARNING * * *
You scratch the goblin but do no damage.
The goblin hits you but does no damage. x2
Robin roars a battlecry!
The goblins go into a battle-frenzy!
You barely miss the goblin. The hobgoblin closely misses you.
The goblin barely misses you. The goblin hits you with a +0 dagger.
* * * LOW HITPOINT WARNING * * *
You scratch the goblin.
You kill the goblin!
Lugonu accepts your kill. The hobgoblin closely misses you.
The goblin hits you with a +0 dagger.
You die...

..........)........# ..##
...................##...#
.#######'#######........#
.# #.# #.#.###..# .# #.#
#...# . .# +.+ #g..# .#
#.# #g#.## #.# #g#..# #.#
#@)..# +gg.....#
#....#.## #......$.
#....#.# #.......#
#......## #....###


You could see Robin, 2 hobgoblins and 2 goblins.

Vanquished Creatures
  An ooze (D:1)
  A dart slug (D:1)
  2 leopard geckos (D:1)
  A ball python (D:2)
  4 bats
  10 goblins
  13 hobgoblins
  2 jackals (D:1)
  A frilled lizard (D:1)
  5 kobolds
  3 rats (D:1)
43 creatures vanquished.

Notes
Turn   | Place    | Note
-------+----------+-------------------------------------------
     0 | Abyss:1  | Gabide the Ghoul Abyssal Knight began the quest for the
                  | Orb.
     0 | Abyss:1  | Reached XP level 1. HP: 19/19 MP: 1/1
    49 | Abyss:1  | Noticed an ettin skeleton
    50 | D:1      | Escaped the Abyss
   430 | D:1      | Reached * piety under Lugonu
   561 | D:1      | Reached XP level 2. HP: 17/26 MP: 2/2
  1080 | D:1      | Reached skill level 1 in Dodging
  1194 | D:1      | Reached XP level 3. HP: 31/33 MP: 3/3
  2037 | D:2      | Reached skill level 1 in Throwing
  2259 | D:2      | Noticed Robin
  2278 | D:2      | Reached XP level 4. HP: 32/40 MP: 4/4
  2292 | D:2      | Slain by a goblin

Illustrated notes

Levels and vault maps discovered:
D:1:      dpeg_arrival_morbid_curiosity, layout_loops_corners
D:2:      layout_basic, minmay_door_square, uniq_robin

Skill      XL: |  1  2  3 |
---------------+----------+-----
Dodging        | 1 |  1.1
Unarmed Combat | 3 |  3.3
Armour         | 2 |  2.1
Throwing       | 1 |  1.0
Fighting       | |  3.9
Invocations    | |  2.0

Action                   |  1- 3 |  4- 6 || total
-------------------------+-------+-------++-------
Melee: Unarmed           |   118 |    12 ||   130
       Punch             |     3 |       ||     3
Throw: Stone             |    69 |       ||    69
Invok: Depart the Abyss  |     1 |       ||     1
  Use: Scroll            |     2 |     1 ||     3
  Eat: Chunk             |     6 |       ||     6
Armor: Leather armour    |    33 |     2 ||    35
Dodge: Dodged            |    74 |     8 ||    82
